 Dungeon Crawl Stone Soup version 0.32-a0-131-g9dbbe29261 (webtiles) character file.

Game seed: 13952397909289290834

61 Ceno the Sneak (level 4, -1/36 HPs)
             Began as a Naga Ice Elementalist on Feb 9, 2024.
             Slain by a gnoll
             ... wielding a +0 club
              (5 damage)
             ... on level 2 of the Dungeon.
             The game lasted 00:03:32 (1058 turns).

Ceno the Sneak (Naga Ice Elementalist)              Turns: 1058, Time: 00:03:33

Health: -1/36      AC:  3    Str: 10    XL:     4   Next: 7%
Magic:  1/8        EV: 10    Int: 17    God:
Gold:   92         SH:  0    Dex: 12    Spells: 2/9 levels left

rFire   . . .        n - +0 spear
rCold   . . .        (no shield)
rNeg    . . .        a - +0 robe
rPois   +            h - +0 helmet
rElec   .            (no cloak)
rCorr   .            (no gloves)
SInv    +            (no barding)
Will    .....        (no amulet)
Stlth   +++          e - +4 ring of slaying
HPRegen 0.26/turn    (no ring)
MPRegen 0.11/turn

%: no passive effects
@: very slow
A: AC +1, large, see invisible, deformed body, poison resistance, slowness 2,
spit poison 1, naga tail 1
a: Spit Poison


You were on level 2 of the Dungeon.
You visited 1 branch of the dungeon, and saw 2 of its levels.

You collected 92 gold pieces.

Inventory:

Hand Weapons
 f - a +0 dagger
 n - a +0 spear (weapon)
Armour
 a - a +0 robe (worn)
 h - a +0 helmet (worn)
Jewellery
 e - a +4 ring of slaying (left hand)
 i - a ring of positive energy
Scrolls
 g - a scroll of silence {unknown}
 j - a scroll of teleportation {unknown}
 l - a scroll of revelation {unknown}
Potions
 b - a potion of magic
 c - a potion of brilliance
 d - a potion of curing {unknown}
 k - a potion of resistance
 m - 2 potions of ambrosia


   Skills:
 - Level 1.5 Dodging
 + Level 4.3 Stealth
 * Level 3.2 Spellcasting
 - Level 4.2 Ice Magic


You had 2 spell levels left.
You knew the following spells:

 Your Spells              Type           Power      Damage    Failure   Level
a - Freeze                Ice            68%        1d8       3%          1
b - Frozen Ramparts       Ice            34%        1d6       9%          3
c - Ozocubu's Armour      Ice            17%        N/A       9%          3

Your spell library contained the following spells:

 Spells                   Type           Power      Damage    Failure   Level
 Summon Ice Beast         Ice/Summ       9%         N/A       22%         3


Dungeon Overview and Level Annotations

Branches:
Dungeon (2/15)

Altars:


Innate Abilities, Weirdness & Mutations

Your serpentine skin is tough. (AC +1)
You have supernaturally acute eyesight. (SInv)
Armour fits poorly on your strangely shaped body.
Your system is resistant to poisons. (rPois)
You cover ground very slowly.
You can spit poison.
You have a snake-like lower body.


Message History

You have reached level 4!
You feel agile.
Casting: Ozocubu's Armour (dangerous; 9% risk of failure)
Confirm with . or Enter, or press ? or * to list all spells.
Aiming: Freeze (safe; 3% risk of failure)
Press: ? - help, Shift-Dir - straight line, f - gnoll
Aim: a gnoll, wielding a +0 club, wearing a +0 scale mail and quivering stones (moderately wounded)
You freeze the gnoll.
The gnoll is severely wounded.
The wall freezes the gnoll.
The gnoll hits you with a +0 club!
Casting: Freeze (safe; 3% risk of failure)
Confirm with . or Enter, or press ? or * to list all spells.
You don't have enough magic to cast this spell.
Unknown command.
You are too injured to fight recklessly!
You hit the gnoll.
The gnoll is almost dead.
The frozen ramparts melt away.
The gnoll closely misses you.
You hit the gnoll but do no damage. You punch the gnoll, but do no damage.
The gnoll is almost dead.
The gnoll hits you with a +0 club.
* * * LOW HITPOINT WARNING * * *
You hit the gnoll but do no damage.
The gnoll is almost dead.
The gnoll barely misses you.
You closely miss the gnoll. Your punch misses the gnoll.
The gnoll is almost dead.
The gnoll barely misses you.
You closely miss the gnoll. You punch the gnoll, but do no damage.
The gnoll is almost dead.
The gnoll barely misses you.
You hit the gnoll but do no damage.
The gnoll is almost dead.
The gnoll hits you with a +0 club.
* * * LOW HITPOINT WARNING * * *
Your magical contamination has completely faded away.
You hit the gnoll but do no damage.
The gnoll is almost dead.
The gnoll hits you with a +0 club.
You die...

#..# #.# #.##.#.#######
..# #.#..#.# .. #.#..#.#
#....#.# ####.#.###
#.#<..# #.#.#.#
...########## #.#<#.#
.......g@...# #.#.#.#
###...)####.# #.#.#.#
#....####.###.#.#.#
..............#.#.#.#
..#########.#.#.#†#.#####
. ####.#...#.#......
#........#.#######
#....#.#.#........
#'....#.#.#..######


You could see a gnoll.

Vanquished Creatures
  2 gnolls (D:2)
  A dart slug (D:1)
  5 endoplasms (D:1)
  4 giant cockroaches
  3 goblins
  6 hobgoblins (D:1)
  5 kobolds
  2 ball pythons
  4 bats
  A frilled lizard (D:1)
  2 rats (D:1)
35 creatures vanquished.

Notes
Turn   | Place    | Note
-------+----------+-------------------------------------------
     0 | D:1      | Ceno the Naga Ice Elementalist began the quest for the Orb.
     0 | D:1      | Reached XP level 1. HP: 15/15 MP: 3/3
   178 | D:1      | Reached XP level 2. HP: 18/22 MP: 1/5
   487 | D:1      | Reached XP level 3. HP: 28/28 MP: 6/6
   491 | D:1      | Learned a level 3 spell: Frozen Ramparts
   495 | D:1      | Learned a level 3 spell: Ozocubu's Armour
  1051 | D:2      | Reached XP level 4. HP: 21/36 MP: 1/8
  1058 | D:2      | Slain by a gnoll

Illustrated notes

Levels and vault maps discovered:
D:1:      psy_arrival_whirlpool, layout_loops_ring
D:2:      layout_basic, ebering_ecumenical_altar_box, uniq_crazy_yiuf_cottage

Skill      XL: |  1  2  3 |
---------------+----------+-----
Stealth        | 4 |  4.3
Spellcasting   | 3 |  3.2
Dodging        | |  1.5
Ice Magic      | |  4.2

Action                     |  1- 3 |  4- 6 || total
---------------------------+-------+-------++-------
  Melee: Unarmed           |    15 |       ||    15
         Punch             |     1 |     2 ||     3
         Dagger            |     4 |       ||     4
         Spear             |     5 |     7 ||    12
   Cast: Freeze            |    16 |     1 ||    17
         Frozen Ramparts   |     2 |       ||     2
Ability: Spit Poison       |    25 |       ||    25
    Use: Scroll            |     3 |       ||     3
   Stab: Sleeping          |     1 |       ||     1
 Armour: Robe              |    32 |     4 ||    36
  Dodge: Dodged            |    22 |     4 ||    26

Table legend: (Time is in decaauts)
 A = Elapsed time spent in this place.
 B = Non-inter-level travel time spent in this place.
 C = Inter-level travel time spent in this place.
 D = Time resting spent in this place.
 E = Time spent auto-exploring this place.
 F = Levels seen in this place.
 G = Mean time per level.
                   A        B        C        D        E       F      G
               +--------+--------+--------+--------+--------+-----+--------+
         Total |   1362 |   1333 |     29 |     24 |    902 |   2 |  681.0 |
       Dungeon |   1362 |   1333 |     29 |     24 |    902 |   2 |  681.0 |
               +--------+--------+--------+--------+--------+-----+--------+

Top non-repeatable levels by time:
     D:1: 968 daAuts
     D:2: 393 daAuts
